 Dungeon Crawl Stone Soup version 0.31.0-10-gcf4a605ca0 (webtiles) character file.

Game seed: 9236036630538881822

615602 Torious the Sorcerer (level 26, -14/158 HPs)
             Began as a Deep Elf Conjurer on Jan 25, 2024.
             Was a High Priest of Sif Muna.
             Demolished by a grey draconian
             ... wielding a +0 halberd
              (21 damage)
             ... on level 2 of the Realm of Zot.
             The game lasted 05:26:35 (51342 turns).

Torious the Sorcerer (Deep Elf Conjurer)           Turns: 51342, Time: 05:26:36

Health: -14/158    AC: 11    Str:  8    XL:     26   Next: 36%
Magic:  5/53       EV: 16    Int: 53    God:    Sif Muna [*****.]
Gold:   974        SH:  0    Dex: 15    Spells: 7/73 levels left

rFire   + + .        v - +5 rapier of Wu Jian's Indignation {pain, rC+ Int+5 Dex+2}
rCold   + . .        (no shield)
rNeg    + . .        K - +1 robe of Vines {NoPotionHeal Regen++++}
rPois   .            H - +2 hat {Int+3}
rElec   +            I - scarf {repulsion}
rCorr   .            y - +2 pair of gloves "Kany" {rF+++ Regen+ Str+4 Int-4}
SInv    .            B - +2 pair of boots of Fun and Games {rElec Int+5}
Will    ++...        Q - amulet "Famum" {Faith *Slow Regen+ Int+3}
Stlth   +++          E - +5 ring of evasion
HPRegen 5.26/turn    S - ring of Lady Luck {rN+ Int+5}
MPRegen 0.33/turn

%: slow self (1%), repel missiles, faith
@: fire vulnerable, calling dragons, held, studying Short Blades
A: fire resistance 2
}: 4/15 runes: barnacled, slimy, silver, gossamer
a: Renounce Religion, Channel Magic, Forget Spell, Divine Exegesis


You were on level 2 of the Realm of Zot.
You worshipped Sif Muna.
Sif Muna was extremely pleased with you.
You visited 13 branches of the dungeon, and saw 54 of its levels.
You visited the Abyss 2 times.
You also visited: Trove, Ossuary, Bailey, Gauntlet and Wizlab.

You collected 9645 gold pieces.
You spent 8671 gold pieces at shops.

Inventory:

Hand Weapons
 b - the +5 shortbow of Tender Mercy {freeze, ^Contam rC++ Str+3, !a}
   (You bought it in a shop on level 4 of the Vaults)

   Str+3:     It affects your strength (+3).
   rC++:      It greatly protects you from cold.
   ^Contam:   It causes magical contamination when unequipped.
 i - the +4 quarterstaff "Sasaaj" {freeze, Fly Int+5}
   (You bought it in a shop on level 2 of the Orcish Mines)

   Int+5:     It affects your intelligence (+5).
   Fly:       It grants you flight.
 r - the +5 great mace of the Floral God {protect, Dex+4 Stlth+, !a}
   (You bought it in a shop on level 2 of the Orcish Mines)

   Dex+4:     It affects your dexterity (+4).
   Stlth+:    It makes you more stealthy.
 v - the +5 rapier of Wu Jian's Indignation (weapon) {pain, rC+ Int+5 Dex+2}
   (You found it on level 1 of the Crypt)

   Int+5:     It affects your intelligence (+5).
   Dex+2:     It affects your dexterity (+2).
   rC+:       It protects you from cold.
 A - the +4 lajatang of the Ancient Hosts {freeze, *Rage rPois rF+++ Stlth+}
   (You bought it in a shop on level 4 of the Vaults)

   rF+++:     It renders you almost immune to fire.
   rPois:     It protects you from poison *Rage: It berserks you when you make
   melee attacks (+20% chance).
   Stlth+:    It makes you more stealthy.
Armour
 y - the +2 pair of gloves "Kany" (worn) {rF+++ Regen+ Str+4 Int-4}
   (You bought it in a shop on level 7 of the Dungeon)

   Str+4:     It affects your strength (+4).
   Int-4:     It affects your intelligence (-4).
   rF+++:     It renders you almost immune to fire.
   Regen+:    It increases your rate of health regeneration.
 B - the +2 pair of boots of Fun and Games (worn) {rElec Int+5}
   (You found it on level 3 of the Vaults)

   Int+5:     It affects your intelligence (+5).
   rElec:     It insulates you from electricity.
 H - a +2 hat of intelligence (worn)
 I - a scarf of repulsion (worn)
 K - the +1 robe of Vines (worn) {NoPotionHeal Regen++++}
   (You bought it in a shop on level 4 of the Vaults)

   NoPotionHeal: Its wearer cannot be healed by potions.
   Regen++++: It increases your rate of health regeneration.
Magical Staves
 a - a staff of air {!a}
 d - the staff of Duasa {rElec rN+ Necro, !a}
   (You found it on level 3 of the Crypt)

   [staff of death]

   Base accuracy: +5 Base damage: 5 Base attack delay: 1.2 This weapon's minimum
   attack delay (0.6) is reached at skill level 12.
   rElec:     It insulates you from electricity.
   rN+:       It protects you from negative energy.
   Necro:     It increases the power of your Necromancy spells.
   It falls into the 'Staves' category.
   It is a one-handed weapon.
 f - a staff of fire {!a}
 j - a staff of conjuration {!a}
Jewellery
 E - a +5 ring of evasion (left hand)
 F - the ring of the Omega Point {Fly rF+ rN+ SInv}
   (You found it in a Gauntlet)

   [ring of flight]

   rF+:       It protects you from fire.
   rN+:       It protects you from negative energy.
   SInv:      It lets you see invisible.
   Fly:       It grants you flight.
 Q - the amulet "Famum" (around neck) {Faith *Slow Regen+ Int+3}
   (You took it off a deep elf master archer on level 3 of the Elven Halls)

   [amulet of faith]

   Faith:     It allows you to gain divine favour quickly.
   Int+3:     It affects your intelligence (+3).
   Regen+:    It increases your rate of health regeneration.
   *Slow:     It may slow you when you take damage.
 S - the ring of Lady Luck (right hand) {rN+ Int+5}
   (You took it off a tengu reaver on level 2 of the Vaults)

   [ring of positive energy]

   Int+5:     It affects your intelligence (+5).
   rN+:       It protects you from negative energy.
Talismans
 x - the death talisman of the New World {rC++ Str+3 Int-5 SInv}
   (You found it on level 3 of the Crypt)

   [talisman of death]

   Str+3:     It affects your strength (+3).
   Int-5:     It affects your intelligence (-5).
   rC++:      It greatly protects you from cold.
   SInv:      It lets you see invisible.
Wands
 G - a wand of digging (13)
Scrolls
 n - 12 scrolls of fear
 p - 18 scrolls of fog
 q - 15 scrolls of revelation
 t - 6 scrolls of amnesia
 u - 24 scrolls of teleportation
 z - 9 scrolls of blinking
 N - 3 scrolls of butterflies
Potions
 e - a potion of resistance
 g - 33 potions of curing
 k - 10 potions of mutation
 l - 15 potions of enlightenment
 m - 18 potions of heal wounds
 o - 10 potions of brilliance
 s - 6 potions of cancellation
 w - 4 potions of invisibility
 D - 6 potions of magic
 O - 3 potions of haste


   Skills:
 - Level 14.0 Fighting
 - Level 17.1 Dodging
 - Level 5.0 Stealth
 - Level 24.0 Spellcasting
 - Level 21.0 Conjurations
 - Level 20.0 Summonings
 - Level 3.9 Necromancy
 - Level 2.0 Translocations
 - Level 20.0 Fire Magic
 - Level 6.0 Ice Magic
 - Level 12.1 Air Magic
 - Level 12.0 Earth Magic
 - Level 3.5 Alchemy
 - Level 16.0 Invocations
 + Level 16.6 Shapeshifting


You had 7 spell levels left.
You knew the following spells:

 Your Spells              Type           Power      Damage    Failure   Level
a - Magic Dart            Conj           100%       1d8       0%          1
c - Lehudib's Crystal Sp  Conj/Erth      63%        10d14     1%          8
d - Iskenderun's Mystic   Conj/Tloc      100%       2d19      0%          4
f - Freezing Cloud        Conj/Ice/Air   58%        6-21      1%          5
g - Fire Storm            Conj/Fire      68%        8d17      3%          9
h - Fireball              Conj/Fire      68%        3d26      0%          5
i - Orb of Destruction    Conj           68%        9d16      1%          7
j - Iskenderun's Battles  Conj           100%       2d15      0%          5
n - Swiftness             Air            100%       N/A       0%          3
o - Blink                 Tloc           100%       N/A       1%          2
w - Dragon's Call         Summ           67%        N/A       4%          9
y - Maxwell's Capacitive  Air            56%        ∞         8%          8

Your spell library contained the following spells:

 Spells                   Type           Power      Damage    Failure   Level
 Foxfire                  Conj/Fire      100%       2x1d9     0%          1
 Freeze                   Ice            100%       1d10      0%          1
 Kiss of Death            Conj/Necr      100%       2d13      0%          1
 Sandblast                Erth           100%       2d20      0%          1
 Shock                    Conj/Air       100%       1d9       0%          1
 Sting                    Conj/Alch      100%       1d9       0%          1
 Summon Small Mammal      Summ           100%       N/A       0%          1
 Call Imp                 Summ           100%       N/A       0%          2
 Mercury Vapours          Alch/Air       100%       N/A       0%          2
 Momentum Strike          Conj/Tloc      100%       3d10      0%          2
 Scorch                   Fire           100%       2d9       0%          2
 Searing Ray              Conj           100%       2d8       0%          2
 Static Discharge         Conj/Air       100%       3-8/arc   0%          2
 Call Canine Familiar     Summ           100%       N/A       0%          3
 Dazzling Flash           Conj/Hex       100%       N/A       0%          3
 Hailstorm                Conj/Ice       100%       3d16      0%          3
 Inner Flame              Hex/Fire       100%       N/A       0%          3
 Mephitic Cloud           Conj/Alch/Air  100%       N/A       0%          3
 Passwall                 Erth           100%       N/A       0%          3
 Stone Arrow              Conj/Erth      100%       3d13      0%          3
 Summon Ice Beast         Ice/Summ       100%       N/A       0%          3
 Volatile Blastmotes      Fire/Tloc      100%       2d18      0%          3
 Airstrike                Air            56%        2d(9-25)  0%          4
 Animate Armour           Summ/Erth      100%       N/A       0%          4
 Brom's Barrelling Bould  Conj/Erth      100%       2d11      0%          4
 Flame Wave               Conj/Fire      100%       2d21      0%          4
 Fulminant Prism          Conj/Alch      57%        3d25      0%          4
 Ignite Poison            Fire/Alch      100%       N/A       0%          4
 Martyr's Knell           Necr/Summ      100%       N/A       0%          4
 Sticky Flame             Fire/Alch      100%       2d15      0%          4
 Summon Blazeheart Golem  Fire/Summ      100%       N/A       0%          4
 Summon Lightning Spire   Summ/Air       100%       N/A       0%          4
 Arcjolt                  Conj/Air       63%        1d73      0%          5
 Starburst                Conj/Fire      68%        6d18      0%          6
 Summon Cactus Giant      Summ           67%        N/A       0%          6
 Apportation              Tloc           100%       N/A       1%          1
 Necrotise                Necr           100%       1d9       1%          1
 Slow                     Hex            100%       N/A       1%          1
 Cigotuvi's Dreadful Rot  Necr/Alch/Air  100%       N/A       1%          2
 Ensorcelled Hibernation  Hex/Ice        100%       N/A       1%          2
 Jinxbite                 Hex            100%       N/A       1%          2
 Lesser Beckoning         Tloc           100%       N/A       1%          2
 Sublimation of Blood     Necr           82%        N/A       1%          2
 Confusing Touch          Hex            59%        N/A       1%          3
 Frozen Ramparts          Ice            100%       1d16      1%          3
 Fugue of the Fallen      Necr           82%        N/A       1%          3
 Gell's Gravitas          Tloc           71%        N/A       1%          3
 Ozocubu's Armour         Ice            91%        N/A       1%          3
 Sigil of Binding         Hex            59%        N/A       1%          3
 Teleport Other           Tloc           71%        N/A       1%          3
 Tukima's Dance           Hex            59%        N/A       1%          3
 Vampiric Draining        Necr           82%        2d11      1%          3
 Anguish                  Hex/Necr       35%        N/A       1%          4
 Animate Dead             Necr           82%        N/A       1%          4
 Cause Fear               Hex            29%        N/A       1%          4
 Dimensional Bullseye     Hex/Tloc       32%        N/A       1%          4
 Dispel Undead            Necr           82%        3d27      1%          4
 Leda's Liquefaction      Alch/Erth      49%        N/A       1%          4
 Manifold Assault         Tloc           71%        N/A       1%          4
 Olgreb's Toxic Radiance  Alch           79%        N/A       1%          4
 Passage of Golubria      Tloc           71%        N/A       1%          4
 Petrify                  Alch/Erth      98%        N/A       1%          4
 Vhi's Electric Charge    Tloc/Air       100%       N/A       1%          4
 Alistair's Intoxication  Alch           52%        N/A       1%          5
 Borgnjor's Vile Clutch   Necr/Erth      49%        N/A       1%          5
 Curse of Agony           Necr           82%        N/A       1%          5
 Irradiate                Conj/Alch      57%        3d30      1%          5
 Lee's Rapid Deconstruct  Erth           56%        3d26*     1%          5
 Metabolic Englaciation   Hex/Ice        38%        N/A       1%          5
 Silence                  Hex/Air        45%        N/A       1%          5
 Summon Forest            Summ/Tloc      55%        N/A       1%          5
 Summon Mana Viper        Hex/Summ       100%       N/A       1%          5
 Bombard                  Conj/Erth      63%        9d10      1%          6
 Conjure Ball Lightning   Conj/Air       63%        3x3d23    1%          6
 Plasma Beam              Fire/Air       62%        2x1d78    1%          6
 Haunt                    Necr/Summ      56%        N/A       1%          7
 Malign Gateway           Summ/Tloc      55%        N/A       1%          7
 Monstrous Menagerie      Summ           67%        N/A       1%          7
 Spellforged Servitor     Conj/Summ      68%        N/A       1%          7
 Summon Hydra             Summ           67%        N/A       1%          7
 Yara's Violent Unravell  Hex/Alch       35%        3d14      2%          5
 Sculpt Simulacrum        Ice/Alch       42%        N/A       3%          6
 Death Channel            Necr           41%        N/A       5%          6
 Eringya's Noxious Bog    Alch           39%        4d6       6%          6
 Dispersal                Tloc           35%        N/A       12%         6
 Ozocubu's Refrigeration  Ice            45%        4d17      12%         7
 Enfeeble                 Hex            29%        N/A       82%         7
 Ignition                 Fire           67%        3d18      1%          8
 Summon Horrible Things   Summ           67%        N/A       1%          8
 Chain Lightning          Conj/Air       63%        3d84      19%         9
 Shatter                  Erth           56%        3d42*     77%         9
 Borgnjor's Revivificati  Necr           41%        N/A       92%         8
 Infestation              Necr           41%        N/A       92%         8
 Disjunction              Tloc           35%        N/A       99%         8
 Discord                  Hex            29%        N/A       100%        8
 Death's Door             Necr           41%        N/A       100%        9
 Polar Vortex             Ice            45%        12d6*     100%        9


Dungeon Overview and Level Annotations

Branches:
Dungeon (15/15)            Temple (1/1) D:7            Lair (5/5) D:8
 Shoals (4/4) Lair:3       Spider (4/4) Lair:2        Slime (5/5) Lair:4
    Orc (2/2) D:9             Elf (3/3) Orc:2        Vaults (5/5) D:13
  Crypt (3/3) Vaults:2       Tomb (0/3) Crypt:3      Depths (4/4) D:15
   Hell (visited)             Dis (0/7) Hell            Geh (0/7) Hell
    Coc (0/7) Hell            Tar (0/7) Hell            Zot (2/5) Depths:4
Ossuary (visited)          Bailey (visited)          WizLab (visited)
Gauntlet (visited)

Altars:
Ashenzari
Cheibriados
Dithmenos
Elyvilon
Fedhas
Gozag
Hepliaklqana
Kikubaaqudgha
Makhleb
Nemelex Xobeh
Okawaru
Qazlal
Ru
Sif Muna
Trog
Uskayaw
Vehumet
Wu Jian
Xom
Yredelemnul
Zin
The Shining One
Jiyva

Shops:
D:1 !   D:4 !   D:7 *   D:10 ?   Orc:2 :(((   Elf:2 *   Shoals:3 :   Vaults:1 [
Vaults:4 [:?:(   Vaults:5 [

Portals:
Hell: Depths:1 Depths:2 Depths:3 Depths:4
Abyss: Depths:3
Pandemonium: Depths:1 Depths:2 Depths:3
Ziggurat: Depths:2

Annotations:
Crypt:1 2 transporters, Kucw's ghost, adept GrFi; Nyubb's ghost, veteran MiGl
Hell stuff


Innate Abilities, Weirdness & Mutations

Your flesh is very heat resistant. (rF++)


Message History

Your golden dragon claws the grey draconian but does no damage.
Your golden dragon tramples the grey draconian but does no damage.
Your shadow dragon is engulfed in blazing flames.
Your shadow dragon bites the Killer Klown but does no damage.
Your shadow dragon claws the Killer Klown but does no damage.
Your shadow dragon claws the Killer Klown.
The grey draconian barely misses you.
The grey draconian tail-slaps you but does no damage.
The grey draconian is engulfed in blazing flames.
The grey draconian misses you. The grey draconian closely misses you.
Unknown command.
Unknown command.
Okay, then.
Unknown command.
Unknown command.
Unknown command.
Unknown command.
Casting: Lehudib's Crystal Spear (dangerous; 1% risk of failure)
Confirm with . or Enter, or press ? or * to list all spells.
Aiming: Lehudib's Crystal Spear (dangerous; 1% risk of failure)
Press: ? - help, Shift-Dir - straight line, f - grey draconian, p - grey draconian
Aim: a grey draconian, wielding a +1 long sword of electrocution (severely wounded, 84% to hit)
The crystal spear misses the grey draconian.
You hear a chilling moan.
Your storm dragon is engulfed in blazing flames.
You kill your storm dragon!
Your storm dragon's corpse disappears in a puff of smoke!
The Killer Klown is engulfed in blazing flames.
The Killer Klown tickles your shadow dragon with a +12 club of electrocution!
The Killer Klown is engulfed in blazing flames.
The Killer Klown pies you viciously! The klown pie hits you!!
Cherry!
Cherry-coloured flames burn away your fire resistance!
* * * LOW HITPOINT WARNING * * *
A Killer Klown comes into view. It is wielding a +9 club of flaming.
The grey draconian hits you with a +0 flail!!
* * * LOW HITPOINT WARNING * * *
The grey draconian completely misses you.
The grey draconian hits you from afar with a +0 halberd!!
You die...

≈.pp°
#pD°#
#°.v#
#.8°#
##°.°##
##.○)°)##
#°.d○v.^#
#^^d@d^.#
#...d.D.#
##.^d.^##
##^..##
#+++#


You could see 3 Killer Klowns, 5 draconians, a friendly shadow dragon
(summoned), a friendly golden dragon (summoned, catching breath) and 2 friendly
fire vortices.

Vanquished Creatures
  the Royal Jelly (Slime:5)
  An ancient lich (WizLab)
  Mennas (Vaults:2)
  A juggernaut (Depths:3)
  Sojobo (Vaults:2)
  Boris (Crypt:1)
  7 caustic shrikes
  Geryon (Hell)
  5 golden dragons
  3 bone dragons
  2 electric golems (Zot:1)
  Nikola (Shoals:2)
  7 tentacled monstrosities
  Rupert (Lair:5)
  A shard shrike skeleton (Crypt:1)
  Jorgrun (D:12)
  Zenata (Elf:2)
  2 liches
  2 deep elf blademasters (Elf:3)
  2 spectral shard shrikes (Crypt:3)
  6 quicksilver dragons
  2 deep elf master archers (Elf:3)
  5 titans
  22 acid blobs
  7 sphinxes
  A walking frostbound tome (Depths:3)
  Gastronok (D:10)
  Polyphemus (Shoals:2)
  An ancient champion (Hell)
  A death cob (Zot:1)
  Aizul (Elf:2)
  11 rockslimes
  Donald (Vaults:4)
  6 storm dragons
  Roxanne (Shoals:1)
  9 shadow dragons
  A protean progenitor (Zot:1)
  5 fire giants
  8 azure jellies
  Ilsuiw (Shoals:2)
  5 deep elf sorcerers
  5 revenants
  8 tengu reavers
  3 ghost moths
  5 iron dragons
  A balrug (Depths:3)
  4 emperor scorpions
  14 vault wardens
  2 spectral caustic shrikes (Crypt:3)
  4 deep elf elementalists (Elf:3)
  Louise (Shoals:2)
  6 reapers
  A juggernaut zombie (Crypt:1)
  8 frost giants
  A cacodemon (Depths:2)
  25 very ugly things
  6 broodmothers
  A spectral juggernaut (Crypt:3)
  2 ghouls (Crypt:3)
  The ghost of Uqorphet the Eclecticist, a journeyman DECj of Vehumet (D:14)
  3 spriggan defenders
  An orc warlord (Vaults:3)
  A draconian annihilator (Depths:4)
  19 ironbound preservers
  10 formless jellyfish
  8 ironbound thunderhulks
  6 vampire knights
  8 deep elf demonologists
  10 quicksilver oozes
  12 stone giants
  2 grey draconians (Zot:2)
  A green draconian (Depths:4)
  A black draconian (Depths:4)
  4 purple draconians (Depths:4)
  A spectral titan (Crypt:3)
  11 deep elf death magi
  A white draconian (Depths:4)
  2 putrid mouths (Hell)
  3 minotaurs
  8 deep elf annihilators
  3 yellow draconians
  3 war gargoyles
  Azrael (D:15)
  9 dire elephants
  8 eidola (Crypt:3)
  17 spark wasps
  12 ettins
  A green death (Hell)
  Fannar (Lair:1)
  5 blizzard demons
  11 jiangshi
  2 mummy priests (WizLab)
  2 spectral spriggans (Crypt:3)
  4 merfolk impalers
  7 deep elf high priests
  7 fire dragons
  A spectral kraken (Shoals:1)
  4 merfolk javelineers
  7 ice dragons
  11 yaktaur captains
  29 vault guards
  A rakshasa (Depths:4)
  A caustic shrike simulacrum (Crypt:3)
  10 entropy weavers
  Erolcha (Orc:1)
  2 spriggan zombies
  13 great orbs of eyes
  3 ghost crabs (Shoals:1)
  3 spriggan air magi
  17 centaur warriors
  A spriggan skeleton (Crypt:2)
  The ghost of dakkaduck the Executioner, a journeyman MiBe of Trog (D:11)
  2 jorogumos
  3 ogre magi
  5 hydras
  3 catoblepae
  4 alligator snapping turtles (Shoals:4)
  16 ironbound frosthearts
  4 merfolk avatars (Shoals:3)
  A sphinx zombie (WizLab)
  5 radroaches
  31 dancing weapons
  A death knight (D:15)
  2 merfolk aquamancers
  10 boulder beetles
  7 two-headed ogres
  12 satyrs (Shoals:4)
  An Orb Guardian skeleton (Crypt:3)
  4 deep troll shamans
  A spectral naga (Crypt:3)
  18 death yaks
  Urug (D:12)
  2 occultists
  4 orc high priests (Orc:2)
  5 tengu warriors
  4 vampire magi
  14 demonic crawlers
  A shock serpent (shapeshifter) (Vaults:5)
  5 deep troll earth magi
  A thrashing horror (Abyss:3)
  A death scarab (Spider:2)
  5 hell hogs (Depths:3)
  A spectral storm dragon (Crypt:3)
  2 spriggans (Depths:3)
  20 hell knights
  22 deep elf knights
  3 spriggan berserkers
  6 shadow wraiths
  A skyshark (shapeshifter) (Vaults:5)
  3 sun demons
  A spectral dire elephant (Crypt:3)
  Nergalle (Lair:2)
  5 iron trolls
  A storm dragon zombie (WizLab)
  A spark wasp zombie (WizLab)
  8 skeletal warriors
  A soul eater (Depths:3)
  5 glowing orange brains
  2 salamander mystics
  8 pharaoh ants
  Lodul (D:12)
  3 skysharks
  A spectral anaconda (Crypt:3)
  A golden dragon zombie (Depths:3)
  9 orb spiders
  2 shadow demons (Hell)
  A bunyip skeleton (Crypt:1)
  An orb spider (shapeshifter) (Vaults:5)
  A goliath frog (Lair:3)
  11 flayed ghosts
  63 deep trolls
  A sea snake (shapeshifter) (Vaults:5)
  11 sea snakes
  A mana viper (shapeshifter) (Vaults:5)
  2 spriggan simulacra
  An orange crystal statue (Depths:1)
  10 steelbarb worms
  12 deep elf archers
  An iron dragon zombie (WizLab)
  8 arcanists
  27 ironbound convokers
  9 lindwurms
  18 phantasmal warriors
  A sun moth (shapeshifter) (Depths:3)
  23 harpies
  An anaconda skeleton (Crypt:1)
  15 necromancers
  A golden dragon skeleton (Depths:3)
  An alligator zombie (Hell)
  2 frost giant zombies
  4 human zombies
  A fire giant zombie (WizLab)
  21 deep elf pyromancers
  An oklob plant (Lair:1)
  7 orc sorcerers
  A shadow dragon skeleton (Vaults:5)
  10 shining eyes
  25 manticores
  12 orc knights
  An alligator skeleton (Hell)
  46 ugly things
  9 fauns
  25 wolf spiders
  A spectral ettin (Crypt:3)
  26 deep elf zephyrmancers
  A faun (shapeshifter) (Vaults:5)
  A spectral centaur (Crypt:3)
  6 salamanders
  6 cyclopes
  A tengu skeleton (Depths:3)
  7 meliai (Spider:4)
  9 moths of wrath
  10 elephants
  20 vault sentinels
  2 rust devils (Hell)
  9 merfolk sirens
  6 kobold blastminers
  7 smoke demons
  8 water nymphs
  A demonspawn zombie (WizLab)
  An eye of devastation (shapeshifter) (Vaults:5)
  An alligator snapping turtle zombie (Crypt:3)
  5 black mambas
  5 molten gargoyles
  7 eyes of devastation
  12 cane toads
  2 ice statues (Hell)
  An emperor scorpion simulacrum (Crypt:1)
  9 torpor snails
  A torpor snail (shapeshifter) (Vaults:5)
  A dire elephant zombie (Abyss:3)
  A cane toad (shapeshifter) (D:14)
  3 gargoyles
  An unseen horror (D:12)
  An efreet (D:14)
  6 hellions
  A kobold demonologist (Elf:1)
  A mana viper skeleton (Crypt:2)
  2 tormentors
  A spectral merfolk (Shoals:1)
  A sea snake zombie (Hell)
  19 yaktaurs
  6 rime drakes
  2 tengu conjurers (D:15)
  15 freezing wraiths
  A minotaur skeleton (Crypt:3)
  4 komodo dragons
  A guardian mummy (WizLab)
  3 spectral harpies
  A red devil (Hell)
  2 hydra zombies (Hell)
  A death yak skeleton (Crypt:3)
  A harpy zombie (Crypt:2)
  17 merfolk
  A sea snake skeleton (Hell)
  8 trolls
  4 hornets
  A shadow dragon simulacrum (Depths:3)
  22 tarantellas
  A polar bear (shapeshifter) (Vaults:5)
  A wind drake (shapeshifter) (Depths:2)
  Grinder (D:4)
  A radroach zombie (Crypt:3)
  6 snapping turtles
  2 spectral manticores (Shoals:1)
  A tyrant leech (shapeshifter) (Depths:2)
  6 wind drakes
  3 hydra skeletons
  A raiju (shapeshifter) (D:14)
  A harpy skeleton (Crypt:1)
  17 blink frogs
  A glass eye (Depths:3)
  A satyr zombie (Crypt:3)
  15 dream sheep
  126 slime creatures
  A slime creature (shapeshifter) (Depths:4)
  A spectral wind drake (Shoals:1)
  A culicivora (shapeshifter) (Elf:3)
  18 culicivoras
  An air elemental (Elf:1)
  40 jumping spiders
  3 vampires
  11 wyverns
  A shadow (Crypt:3)
  17 water elementals
  2 golden eyes (Slime:1)
  4 wraiths
  2 black mamba skeletons
  25 yaks
  A dire elephant simulacrum (Crypt:3)
  6 fire bats (Depths:1)
  7 fire elementals
  10 basilisks
  4 wargs
  A fire bat (shapeshifter) (Elf:3)
  65 redbacks
  A steam dragon (D:4)
  A wind drake skeleton (Crypt:2)
  4 vampire mosquitoes
  Menkaure (D:4)
  2 harpy simulacra
  A glowing shapeshifter zombie (WizLab)
  8 water moccasins
  3 naga zombies
  A spectral snapping turtle (Shoals:1)
  3 acid dragons
  A glowing shapeshifter skeleton (Vaults:5)
  13 hell hounds
  21 orc warriors
  A black bear (D:6)
  A sky beast (D:7)
  7 ice beasts
  12 ogres
  A boggart (Elf:1)
  3 lindwurm zombies
  18 laughing skulls
  10 centaurs
  A hog zombie (Crypt:2)
  20 wolves
  A phantom (D:7)
  Blork the orc (D:4)
  4 kobold brigands
  11 bullfrogs
  2 gnoll sergeants
  A necrophage (Crypt:3)
  An earth elemental (Elf:1)
  2 naga simulacra
  2 scorpions
  A warg skeleton (Crypt:1)
  11 wights
  14 killer bees
  8 vampire bats (Bailey)
  7 howler monkeys
  8 wolf zombies (Bailey)
  3 electric eels (Lair:1)
  5 lava snakes (Lair:5)
  2 hounds
  3 jellies
  18 orc priests
  A spectral scorpion (Ossuary)
  An iron imp (Abyss:3)
  2 gnoll boudas
  3 sleepcaps
  2 centaur skeletons (Ossuary)
  3 iguanas
  14 hell rats
  21 orc wizards
  A crocodile zombie (Ossuary)
  8 mummies
  A howler monkey skeleton (Crypt:2)
  17 gnolls
  5 adders
  5 river rats (Lair:4)
  3 white imps (D:7)
  A dart slug (D:2)
  2 ribbon worms
  60 orcs
  4 bats
  6 endoplasms
  3 giant cockroaches
  11 goblins
  6 hobgoblins
  2 quokkas
  3 ball pythons
  2 frilled lizards
  A frilled lizard skeleton (Crypt:1)
  2 goblin zombies (D:4)
  24 kobolds
  3 kobold skeletons (Ossuary)
  3 orc skeletons (Ossuary)
  25 orc zombies
  5 rats
  10 spectral rats (Ossuary)
  An aspiring flesh (Zot:1)
  11 fire vortices
2421 creatures vanquished.

Vanquished Creatures (collateral kills)
  A sphinx (Vaults:5)
  A walking divine tome (Depths:2)
  An acid blob (Slime:5)
  A storm dragon (Vaults:3)
  A draconian shifter (Depths:4)
  A frost giant (Depths:3)
  2 vault wardens (Vaults:5)
  3 ironbound preservers
  A stone giant (Vaults:5)
  A very ugly thing (Depths:1)
  A ghoul (Crypt:3)
  A grey draconian (Zot:2)
  A red draconian (Zot:1)
  A blizzard demon (Hell)
  An eidolon (Crypt:2)
  A spectral quicksilver dragon (Crypt:3)
  A spectral golden dragon (Crypt:3)
  3 ice dragons
  A boulder beetle (Zot:1)
  A soul eater (Depths:3)
  A hell knight (Hell)
  A shadow wraith (Crypt:3)
  A skeletal warrior (Hell)
  An orc knight (Vaults:3)
  A necromancer (Hell)
  2 frost giant zombies (WizLab)
  A rust devil (Hell)
  A smoke demon (Depths:3)
  A hellion (Hell)
  2 yaktaurs
  2 freezing wraiths (Hell)
  A red devil (Hell)
  A spectral harpy (Crypt:3)
  An iron troll skeleton (Crypt:2)
  A glass eye (Slime:5)
  12 slime creatures
  A wraith (Crypt:3)
  A water elemental (Depths:2)
  2 hell hounds (Hell)
  An orc wizard (Vaults:5)
  5 orcs (Vaults:5)
65 creatures vanquished.

Vanquished Creatures (others)
  A harpy (Shoals:4)
  A centaur simulacrum (D:14)
  A culicivora (Spider:1)
  424 fire vortices
  78 fulminant prisms
  8 tentacles (Shoals:1)
513 creatures vanquished.

Grand Total: 2999 creatures vanquished

Notes
Turn   | Place    | Note
-------+----------+-------------------------------------------
     0 | D:1      | Torious the Deep Elf Conjurer began the quest for the Orb.
     0 | D:1      | Reached XP level 1. HP: 10/10 MP: 6/6
   346 | D:1      | Reached XP level 2. HP: 15/15 MP: 4/8
   349 | D:1      | Learned a level 2 spell: Searing Ray
   458 | D:1      | Found Puassode's Distillery.
   481 | D:1      | Bought a potion of degeneration for 14 gold pieces
   966 | D:2      | Reached skill level 5 in Conjurations
  1131 | D:2      | Reached XP level 3. HP: 19/19 MP: 7/10
  1421 | D:2      | Reached skill level 4 in Spellcasting
  1540 | D:3      | Reached skill level 1 in Alchemy
  1718 | D:3      | Reached XP level 4. HP: 24/24 MP: 6/12
  1853 | D:3      | Found an ornate altar of the Wu Jian Council.
  1887 | D:3      | HP: 1/24 [sleepcap (15)]
  1892 | D:3      | Reached XP level 5. HP: 12/28 MP: 9/13
  1910 | D:3      | Learned a level 4 spell: Fulminant Prism
  1916 | D:3      | Learned a level 5 spell: Freezing Cloud
  2125 | D:4      | Found a sand-covered staircase.
  2133 | Ossuary  | Entered an ossuary
  2207 | Ossuary  | Reached skill level 1 in Ice Magic
  2207 | Ossuary  | Reached skill level 1 in Air Magic
  2233 | Ossuary  | Reached XP level 6. HP: 32/32 MP: 5/14
  2662 | Ossuary  | Found a basalt altar of Yredelemnul.
  2719 | D:4      | Found a blossoming altar of Fedhas.
  2945 | D:4      | Reached XP level 7. HP: 36/36 MP: 6/16
  2959 | D:4      | Found a bloodstained altar of Trog.
  2967 | D:4      | Found Yryeron's Distillery.
  3032 | D:4      | Noticed Blork the orc
  3055 | D:4      | Noticed Menkaure
  3063 | D:4      | Killed Menkaure
  3064 | D:4      | Reached skill level 5 in Spellcasting
  3064 | D:4      | Noticed Grinder
  3192 | D:1      | Bought a potion of heal wounds for 70 gold pieces
  3192 | D:1      | Bought a potion of curing for 42 gold pieces
  3192 | D:1      | Bought a potion of curing for 42 gold pieces
  3277 | D:4      | Killed Grinder
  3403 | D:4      | Killed Blork the orc
  3444 | D:4      | Noticed a steam dragon
  3454 | D:4      | Killed a steam dragon
  3455 | D:4      | Reached XP level 8. HP: 41/41 MP: 1/17
  3843 | D:4      | Bought a potion of curing for 30 gold pieces
  3843 | D:4      | Bought a potion of lignification for 30 gold pieces
  3870 | D:5      | Entered Level 5 of the Dungeon
  3981 | D:5      | Reached skill level 5 in Ice Magic
  4054 | D:5      | Reached skill level 5 in Air Magic
  4059 | D:5      | Learned a level 4 spell: Iskenderun's Mystic Blast
  4224 | D:5      | Reached skill level 1 in Translocations
  4819 | D:6      | Found a snail-covered altar of Cheibriados.
  5342 | D:6      | Reached XP level 9. HP: 44/45 MP: 6/19
  5501 | D:7      | Reached skill level 6 in Spellcasting
  5655 | D:7      | Found Desaeqei's Assorted Antiques.
  5660 | D:7      | Bought a pair of translucent gloves for 209 gold pieces
  5660 | D:7      | Identified the +2 pair of gloves "Kany" {rF+++ Regen+ Str+4
                  | Int-4} (You bought it in a shop on level 7 of the Dungeon)
  5727 | D:7      | Found a staircase to the Ecumenical Temple.
  5735 | Temple   | Entered the Ecumenical Temple
  5745 | Temple   | Became a worshipper of Sif Muna the Loreminder
  6155 | D:7      | Reached skill level 1 in Invocations
  6433 | D:8      | Noticed a rime drake
  6442 | D:8      | Killed a rime drake
  6454 | D:7      | Reached skill level 5 in Dodging
  6536 | D:8      | Reached * piety under Sif Muna
  6631 | D:8      | Reached skill level 10 in Conjurations
  6639 | D:8      | Reached XP level 10. HP: 48/50 MP: 2/21
  6696 | D:8      | Found a staircase to the Lair.
  6890 | D:8      | Found a flagged portal.
  6899 | Bailey   | Entered a bailey
  7015 | Bailey   | Reached ** piety under Sif Muna
  7305 | Bailey   | Noticed a gargoyle
  7308 | Bailey   | Killed a gargoyle
  7368 | Bailey   | Reached skill level 5 in Invocations
  7641 | D:9      | Found a shadowy altar of Dithmenos.
  7750 | D:9      | Noticed a manticore
  7750 | D:9      | Noticed a cyclops
  7757 | D:9      | Reached skill level 7 in Spellcasting
  7757 | D:9      | Killed a manticore
  7786 | Lair:1   | Entered Level 1 of the Lair of Beasts
  7786 | Lair:1   | Noticed a cane toad
  7790 | Lair:1   | Killed a cane toad
  7859 | Lair:1   | Noticed a cane toad
  7864 | Lair:1   | Killed a cane toad
  7882 | Lair:1   | Noticed a cane toad
  7890 | Lair:1   | Killed a cane toad
  7921 | Lair:1   | Noticed Fannar
  7939 | Lair:1   | Killed Fannar
  7940 | Lair:1   | Reached XP level 11. HP: 43/55 MP: 11/24
  8361 | Lair:1   | Identified the maw talisman of Risuech {Will+}
  8508 | Lair:1   | Found a glowing silver altar of Zin.
  8508 | Lair:1   | Noticed an oklob plant
  8521 | Lair:1   | Killed an oklob plant
  8522 | Lair:1   | Reached skill level 1 in Fighting
  8522 | Lair:1   | Reached skill level 8 in Spellcasting
  8726 | Lair:2   | Reached skill level 1 in Fire Magic
  8829 | Lair:2   | Noticed Nergalle
  8838 | Lair:2   | Killed Nergalle
  9049 | Lair:2   | Reached skill level 10 in Dodging
  9051 | Lair:2   | Reached *** piety under Sif Muna
  9133 | Lair:2   | Noticed a catoblepas
  9147 | Lair:2   | Killed a catoblepas
  9181 | Lair:2   | Noticed a four-headed hydra
  9194 | Lair:2   | Killed a four-headed hydra
  9251 | Lair:2   | Found a hole to the Spider Nest.
  9719 | Lair:3   | Reached XP level 12. HP: 38/62 MP: 7/26
  9721 | Lair:3   | HP: 3/62 [cane toad (19)]
 10240 | Lair:3   | Found a staircase to the Shoals.
 10341 | Lair:3   | Noticed a death yak
 10342 | Lair:3   | Noticed a death yak
 10343 | Lair:3   | Noticed a death yak
 10345 | Lair:3   | Noticed a death yak
 10350 | Lair:3   | Killed a death yak
 10351 | Lair:3   | Killed a death yak
 10356 | Lair:3   | Killed a death yak
 10356 | Lair:3   | Killed a death yak
 10588 | Lair:3   | Identified the maw talisman "Gosinad" {rPois rN+ Stlth-}
 10716 | Lair:4   | Reached **** piety under Sif Muna
 10886 | Lair:4   | Reached skill level 15 in Conjurations
 10938 | Lair:4   | Found a viscous altar of Jiyva.
 10938 | Lair:4   | Found a staircase to the Slime Pits.
 11058 | Lair:4   | Found a bloodstained altar of Trog.
 11712 | Lair:5   | Entered Level 5 of the Lair of Beasts
 11712 | Lair:5   | Noticed a death yak
 11712 | Lair:5   | Noticed a death yak
 11712 | Lair:5   | Noticed a death yak
 11712 | Lair:5   | Noticed a death yak
 11719 | Lair:5   | Killed a death yak
 11720 | Lair:5   | Reached XP level 13. HP: 66/66 MP: 1/27
 11722 | Lair:5   | Noticed Rupert
 11726 | Lair:5   | Paralysed by Rupert for 3 turns
 11734 | Lair:5   | Killed Rupert
 11810 | Lair:5   | Identified the +9 flail of Sibaot {antimagic, ^Fragile
                  | rElec rPois}
 12504 | Lair:5   | Found a large runed translucent door.
 12505 | Lair:5   | Found a large runed translucent door.
 12537 | Lair:5   | Noticed a fire dragon
 12548 | Lair:5   | Killed a fire dragon
 12763 | Lair:3   | Reached ***** piety under Sif Muna
 13030 | D:9      | Received a gift from Sif Muna
 13031 | D:9      | Got Sif Muna's Book of Feathers {god gift}
 13211 | D:9      | Found a sacrificial altar of Ru.
 13270 | D:9      | Found a staircase to the Orcish Mines.
 13329 | D:10     | Entered Level 10 of the Dungeon
 13458 | D:10     | Noticed Gastronok
 13520 | D:10     | Killed Gastronok
 13632 | D:10     | Found Jiadde's Magic Scroll Boutique.
 13637 | D:10     | Bought a scroll of identify for 30 gold pieces
 14307 | D:11     | Found a runed translucent gate.
 14311 | D:11     | Found a runed translucent gate.
 14311 | D:11     | Found a runed translucent gate.
 14312 | D:11     | Noticed dakkaduck's ghost (journeyman MiBe)
 14686 | D:11     | Reached XP level 14. HP: 76/76 MP: 4/28
 15000 | D:11     | Found a viscous altar of Jiyva.
 15250 | D:12     | Noticed Urug
 15257 | D:12     | Killed Urug
 15282 | D:12     | Noticed Lodul
 15351 | D:12     | Killed Lodul
 15592 | D:12     | Noticed Jorgrun
 15604 | D:12     | Killed Jorgrun
 15923 | D:13     | Found a shimmering blue altar of Sif Muna.
 16013 | D:13     | Found a gate to the Vaults.
 16277 | D:13     | Received a gift from Sif Muna
 16285 | D:13     | Learned a level 5 spell: Iskenderun's Battlesphere
 16293 | D:13     | Learned a level 7 spell: Orb of Destruction
 16750 | D:14     | Found a portal to a secret trove of treasure.
 16822 | D:14     | Noticed a purple very ugly thing
 16833 | D:14     | Killed a purple very ugly thing
 16834 | D:14     | Reached skill level 9 in Spellcasting
 17154 | D:14     | Noticed Uqorphet's ghost (journeyman DECj)
 17228 | D:14     | Reached skill level 5 in Fire Magic
 17239 | D:14     | Learned a level 5 spell: Fireball
 17403 | D:14     | Reached skill level 10 in Spellcasting
 17620 | D:14     | Found a transporter.
 17625 | D:14     | Found a transporter.
 18052 | Orc:1    | Entered Level 1 of the Orcish Mines
 18186 | Orc:1    | Noticed Erolcha
 18191 | Orc:1    | Killed Erolcha
 18379 | Orc:1    | Learned a level 3 spell: Swiftness
 18380 | Orc:2    | Entered Level 2 of the Orcish Mines
 18380 | Orc:2    | Found a gate leading to a gauntlet.
 18398 | Gauntlet | Entered a Gauntlet
 18398 | Gauntlet | Found a transporter.
 18407 | Gauntlet | Found a transporter.
 18424 | Gauntlet | Found a transporter.
 18427 | Gauntlet | Found a transporter.
 18429 | Gauntlet | Found a large runed translucent door.
 18429 | Gauntlet | Found a large runed translucent door.
 18430 | Gauntlet | Found a large runed translucent door.
 18430 | Gauntlet | Found a large runed translucent door.
 18431 | Gauntlet | Found a large runed translucent door.
 18431 | Gauntlet | Found a large runed translucent door.
 18431 | Gauntlet | Found a runed translucent door.
 18431 | Gauntlet | Found a runed translucent door.
 18432 | Gauntlet | Found a large runed translucent door.
 18432 | Gauntlet | Found a large runed translucent door.
 18433 | Gauntlet | Found a large runed translucent door.
 18433 | Gauntlet | Found a large runed translucent door.
 18434 | Gauntlet | Found a large runed translucent door.
 18434 | Gauntlet | Found a large runed translucent door.
 18435 | Gauntlet | Found a runed translucent gate.
 18435 | Gauntlet | Found a runed translucent gate.
 18435 | Gauntlet | Found a transporter.
 18435 | Gauntlet | Found a transporter.
 18435 | Gauntlet | Found a runed translucent gate.
 18437 | Gauntlet | Found a transporter.
 18444 | Gauntlet | Found a transporter.
 18445 | Gauntlet | Noticed a cacodemon
 18447 | Gauntlet | Found a large runed translucent door.
 18448 | Gauntlet | Found a large runed translucent door.
 18457 | Gauntlet | Found a large runed translucent door.
 18457 | Gauntlet | Found a large runed translucent door.
 18521 | Gauntlet | Found a transporter.
 18526 | Gauntlet | Found a transporter.
 18528 | Gauntlet | Found a transporter.
 18532 | Gauntlet | Found a runed translucent door.
 18535 | Gauntlet | Found a runed translucent door.
 18536 | Gauntlet | Found a transporter.
 18639 | Gauntlet | Reached skill level 11 in Spellcasting
 18746 | Gauntlet | Identified the ring of the Omega Point {Fly rF+ rN+ SInv}
 18753 | Gauntlet | Identified the +0 eveningstar of Imbalance {vamp, ^Fragile
                  | Str+3 Int+6}
 18836 | Orc:2    | Identified a scroll of acquirement
 18851 | Orc:2    | Reached XP level 15. HP: 68/80 MP: 10/32
 19011 | Orc:2    | Found a staircase to the Elven Halls.
 19239 | Orc:1    | Received a gift from Sif Muna
 19241 | Orc:1    | Got Sif Muna's Omnibus of the Charnel House and Frostbite
                  | {god gift}
 19800 | Orc:2    | Found Lidin's Weapon Shop.
 19837 | Orc:2    | Reached skill level 12 in Spellcasting
 19877 | Orc:2    | Found Jirocif's Antique Weapon Shop.
 19883 | Orc:2    | Found Goatz's Weapon Shoppe.
 19883 | Orc:2    | Found Zarokk's Book Shoppe.
 19904 | Orc:2    | Bought a book of Annihilations for 840 gold pieces
 19951 | Orc:2    | Bought a translucent great mace for 356 gold pieces
 19951 | Orc:2    | Identified the +5 great mace of the Floral God {protect,
                  | Dex+4 Stlth+} (You bought it in a shop on level 2 of the
                  | Orcish Mines)
 19954 | Orc:2    | Bought a fine quarterstaff for 279 gold pieces
 19954 | Orc:2    | Identified the +4 quarterstaff "Sasaaj" {freeze, Fly Int+5}
                  | (You bought it in a shop on level 2 of the Orcish Mines)
 20121 | D:7      | Bought a brass ring for 110 gold pieces
 20121 | D:7      | Bought a runed cloak for 165 gold pieces
 20122 | D:7      | Bought a brightly glowing arbalest for 209 gold pieces
 20122 | D:7      | Identified the +1 arbalest "Wamiwoat" {drain, rElec rN+
                  | Str-5 Stlth+} (You bought it in a shop on level 7 of the
                  | Dungeon)
 20256 | Shoals:1 | Entered Level 1 of the Shoals
 20308 | Shoals:1 | Reached skill level 5 in Fighting
 20524 | Shoals:1 | Identified the granite talisman "Bomag" {Str+2 Slay+2
                  | Stlth+}
 20524 | Shoals:1 | Noticed Roxanne
 20559 | Shoals:1 | Killed Roxanne
 20866 | Shoals:1 | Reached skill level 13 in Spellcasting
 20869 | Shoals:1 | Reached skill level 15 in Dodging
 21124 | Shoals:1 | Upgraded the game from 0.31.0-9-g3a7656b989 to
                  | 0.31.0-10-gcf4a605ca0
 21211 | Shoals:2 | Noticed Nikola
 21218 | Shoals:2 | Killed Nikola
 21337 | Shoals:2 | Noticed Ilsuiw
 21344 | Shoals:2 | Killed Ilsuiw
 21390 | Shoals:2 | Noticed Polyphemus
 21402 | Shoals:2 | Killed Polyphemus
 21403 | Shoals:2 | Reached XP level 16. HP: 76/87 MP: 19/35
 21493 | Shoals:2 | Noticed Louise
 21495 | Abyss:3  | Cast into level 3 of the Abyss (Louise)
 21504 | Shoals:2 | Escaped the Abyss
 21522 | Shoals:2 | Killed Louise
 21793 | Shoals:3 | Found Guts's Book Shoppe.
 22048 | Shoals:3 | Reached skill level 14 in Spellcasting
 22260 | Shoals:3 | Received a gift from Sif Muna
 22261 | Shoals:3 | Got Sif Muna's Codex of Lithic Distance {god gift}
 22356 | Shoals:4 | Entered Level 4 of the Shoals
 22494 | Spider:1 | Entered Level 1 of the Spider Nest
 22553 | Spider:1 | You fall into a shaft and drop 1 floor!
 22667 | Spider:2 | Reached skill level 10 in Fire Magic
 22884 | Spider:2 | Reached skill level 15 in Spellcasting
 23387 | Spider:1 | Reached XP level 17. HP: 45/96 MP: 14/38
 23391 | Spider:1 | Received a gift from Sif Muna
 23605 | Spider:1 | Reached skill level 16 in Spellcasting
 23825 | Spider:1 | Got Sif Muna's Cyclopedia of Battle Magic and Relocation
                  | {god gift}
 26147 | Shoals:4 | Noticed a sphinx
 26153 | Shoals:4 | Reached skill level 15 in Fire Magic
 26153 | Shoals:4 | Killed a sphinx
 26266 | Shoals:4 | Got a barnacled rune of Zot
 26298 | Shoals:4 | Identified the +2 battleaxe "Xaapn" {holy, Int+3 Dex+5}
 26312 | Shoals:4 | Reached XP level 18. HP: 103/103 MP: 15/40
 26569 | Shoals:4 | Reached skill level 10 in Invocations
 26651 | Shoals:4 | Received a gift from Sif Muna
 26652 | Shoals:4 | Got Sif Muna's Opusculum on Venom and Formation {god gift}
 26848 | Spider:4 | Entered Level 4 of the Spider Nest
 27837 | Spider:4 | Got a gossamer rune of Zot
 28085 | Elf:1    | Entered Level 1 of the Elven Halls
 28133 | Elf:1    | Paralysed by an air elemental for 1 turns
 28394 | Elf:1    | Noticed a Hell Sentinel
 28658 | Elf:1    | Reached XP level 19. HP: 107/107 MP: 5/41
 28877 | Elf:1    | Got Gienalips's Parchment of Concussion
 28888 | Elf:1    | Learned a level 2 spell: Blink
 28898 | Elf:1    | Learned a level 9 spell: Fire Storm
 29062 | Elf:2    | Identified the serpent talisman "Voul" {+Blink rN++ Str-3}
 29062 | Elf:2    | Noticed Aizul
 29064 | Elf:2    | Reached skill level 1 in Earth Magic
 29071 | Elf:2    | Killed Aizul
 29131 | Elf:2    | Found Ruypir's Assorted Antiques.
 29139 | Elf:2    | Bought a crude robe for 182 gold pieces
 29139 | Elf:2    | Identified the +1 robe "Liteziq" {-Cast rPois Dex+5} (You
                  | bought it in a shop on level 2 of the Elven Halls)
 29238 | Elf:2    | Identified the +3 hand axe of Callousness {venom, rN+ Str-5
                  | Int+3}
 29479 | Elf:2    | Found a huge runed translucent gate.
 29479 | Elf:2    | Found a huge runed translucent gate.
 29479 | Elf:2    | Found a huge runed translucent gate.
 29479 | Elf:2    | Found a huge runed translucent gate.
 29479 | Elf:2    | Found a huge runed translucent gate.
 29482 | Elf:2    | Noticed Zenata
 29649 | Elf:2    | Killed Zenata
 29762 | Elf:2    | Reached skill level 17 in Spellcasting
 29770 | Elf:2    | Reached skill level 5 in Earth Magic
 30206 | Elf:3    | Entered Level 3 of the Elven Halls
 30382 | Elf:3    | Received a gift from Sif Muna
 30383 | Elf:3    | Got Sif Muna's Cyclopedia of Puissant Combustion {god gift}
 31010 | Elf:3    | Identified the +4 rapier "Ihuarghuo" {flame, rF+}
 31011 | Elf:3    | Reached skill level 18 in Spellcasting
 31169 | Abyss:3  | Cast into level 3 of the Abyss (a deep elf sorcerer)
 31245 | Elf:3    | Escaped the Abyss
 31330 | Elf:3    | Identified the amulet "Famum" {Faith *Slow Regen+ Int+3}
 31335 | Elf:3    | Identified the +10 flail of Charity {antimagic, Stlth+}
 31368 | Elf:3    | Identified the +0 pair of gloves of Wiavobe {*Corrode rElec
                  | rPois rN++}
 31443 | Elf:3    | Identified the +3 eveningstar "Pedat" {spect, rC+}
 31497 | Elf:3    | Got the Almanac of the Weird Entourage
 31510 | Elf:3    | Got the Elucidation of the Familiar Dead
 31511 | Elf:3    | Identified the +3 morningstar "Dosagikk" {antimagic, rPois}
 31512 | Elf:3    | Identified the +1 plate armour "Itzyst" {Harm rElec}
 31516 | Elf:3    | Got Beleduk's Quarto of Intoxication
 31616 | Elf:2    | Bought a scroll of amnesia for 128 gold pieces
 31815 | D:4      | Bought a potion of magic for 80 gold pieces
 31904 | D:1      | Bought a potion of mutation for 112 gold pieces
 31904 | D:1      | Bought a potion of cancellation for 112 gold pieces
 32082 | D:10     | Bought a scroll of revelation for 112 gold pieces
 32082 | D:10     | Bought a scroll of teleportation for 45 gold pieces
 32091 | D:10     | Learned a level 8 spell: Lehudib's Crystal Spear
 32354 | D:15     | Entered Level 15 of the Dungeon
 32477 | D:15     | Reached XP level 20. HP: 86/112 MP: 9/44
 32837 | D:15     | Found a staircase to the Depths.
 32959 | D:15     | Reached skill level 10 in Earth Magic
 33096 | D:15     | Noticed Azrael
 33099 | D:15     | Killed Azrael
 33192 | Vaults:1 | Entered Level 1 of the Vaults
 33355 | Vaults:1 | Reached skill level 1 in Summonings
 33437 | Vaults:1 | Found Surap's Armour Shoppe.
 33494 | Vaults:1 | Paralysed by a formless jellyfish for 1 turns
 33498 | Vaults:1 | Reached skill level 19 in Spellcasting
 34160 | Vaults:1 | Received a gift from Sif Muna
 34394 | Vaults:2 | Noticed Mennas
 34398 | Vaults:2 | Killed Mennas
 34399 | Vaults:2 | Reached skill level 20 in Spellcasting
 34399 | Vaults:2 | Reached skill level 5 in Summonings
 34434 | Vaults:2 | Noticed Sojobo
 34437 | Vaults:2 | Killed Sojobo
 34869 | Vaults:2 | Identified the amulet "Juem" {Acrobat ^Drain rN++}
 34870 | Vaults:2 | Identified the +5 whip of Capital Punishment {freeze,
                  | Str+4}
 34871 | Vaults:2 | Identified the ring of Lady Luck {rN+ Int+5}
 34872 | Vaults:2 | Reached XP level 21. HP: 109/117 MP: 1/47
 34897 | Vaults:2 | Identified the +4 chain mail of Emaud {Rampage +Blink rC+}
 35097 | Vaults:2 | Reached skill level 10 in Summonings
 35408 | Vaults:2 | Found a staircase to the Crypt.
 35515 | Vaults:3 | Received a gift from Sif Muna
 35516 | Vaults:3 | Got Waopn's Atlas of Overcast Chilblains {god gift}
 35599 | Vaults:3 | Identified the +5 quarterstaff of the Hidden Vale {venom,
                  | Int+2 Dex+2}
 35853 | Vaults:3 | Found a huge runed translucent gate.
 35853 | Vaults:3 | Found a huge runed translucent gate.
 35853 | Vaults:3 | Found a huge runed translucent gate.
 35853 | Vaults:3 | Found a huge runed translucent gate.
 35853 | Vaults:3 | Found a huge runed translucent gate.
 35854 | Vaults:3 | Found a huge runed translucent gate.
 35854 | Vaults:3 | Found a huge runed translucent gate.
 35854 | Vaults:3 | Found a huge runed translucent gate.
 35854 | Vaults:3 | Found a huge runed translucent gate.
 35854 | Vaults:3 | Found a huge runed translucent gate.
 35855 | Vaults:3 | Found a huge runed translucent gate.
 35855 | Vaults:3 | Found a huge runed translucent gate.
 35856 | Vaults:3 | Found a huge runed translucent gate.
 35857 | Vaults:3 | Found a huge runed translucent gate.
 35858 | Vaults:3 | Found a huge runed translucent gate.
 35859 | Vaults:3 | Found a huge runed translucent gate.
 35860 | Vaults:3 | Found a huge runed translucent gate.
 35860 | Vaults:3 | Found a huge runed translucent gate.
 35883 | Vaults:3 | Found a huge runed translucent gate.
 35925 | Vaults:3 | Found a huge runed translucent gate.
 35926 | Vaults:3 | Found a huge runed translucent gate.
 35926 | Vaults:3 | Found a huge runed translucent gate.
 35926 | Vaults:3 | Found a huge runed translucent gate.
 35928 | Vaults:3 | Found a huge runed translucent gate.
 35929 | Vaults:3 | Found a huge runed translucent gate.
 35930 | Vaults:3 | Found a huge runed translucent gate.
 35930 | Vaults:3 | Found a huge runed translucent gate.
 35990 | Vaults:3 | Found a huge runed translucent gate.
 35991 | Vaults:3 | Found a huge runed translucent gate.
 35992 | Vaults:3 | Found a huge runed translucent gate.
 35992 | Vaults:3 | Found a huge runed translucent gate.
 35994 | Vaults:3 | Found a huge runed translucent gate.
 35995 | Vaults:3 | Found a huge runed translucent gate.
 35996 | Vaults:3 | Found a huge runed translucent gate.
 35997 | Vaults:3 | Found a huge runed translucent gate.
 35997 | Vaults:3 | Found a huge runed translucent gate.
 36024 | Vaults:3 | Found the +8 longbow "Zephyr" {speed, Dex+3 SInv}
 36026 | Vaults:3 | Reached skill level 15 in Summonings
 36026 | Vaults:3 | Received a gift from Sif Muna
 36031 | Vaults:3 | Got Caydonao's Discourse on Blasting and the Voyage {god
                  | gift}
 36037 | Vaults:3 | Identified the +2 pair of boots of Fun and Games {rElec
                  | Int+5}
 36053 | Vaults:3 | Identified the +8 flail "Ogre's Curse" {elec, Str-4 Int+3
                  | Dex+8 Stlth+}
 36058 | Vaults:3 | Identified the +7 falchion of Hois Cenk {freeze, rCorr
                  | Str+5}
 36090 | Vaults:3 | Learned a level 9 spell: Dragon's Call
 36608 | Vaults:4 | Identified the +1 kite shield "Kipseuh" {-Cast rF+ rN+++}
 36608 | Vaults:4 | Noticed Donald
 36618 | Vaults:4 | Killed Donald
 36861 | Vaults:4 | Found Teseuxed's Book Shoppe.
 36895 | Vaults:4 | Found Banon's Weapon Emporium.
 36900 | Vaults:4 | Found Joddeare's Book Emporium.
 37018 | Vaults:4 | Found Wirulol's Magic Scroll Shoppe.
 37021 | Vaults:4 | Bought a scroll of blinking for 120 gold pieces
 37021 | Vaults:4 | Bought a scroll of revelation for 120 gold pieces
 37021 | Vaults:4 | Bought a scroll of teleportation for 48 gold pieces
 37021 | Vaults:4 | Bought a scroll of amnesia for 64 gold pieces
 37269 | Vaults:4 | Found Quul's Antique Armour Boutique.
 37376 | Vaults:5 | Entered Level 5 of the Vaults
 37384 | Vaults:5 | Reached XP level 22. HP: 105/122 MP: 40/48
 37406 | Vaults:5 | Received a gift from Sif Muna
 37427 | Vaults:5 | Identified the +1 robe "Axzis" {Rampage Will- MP-9 Str+5
                  | Archmagi}
 37539 | Vaults:5 | Received a gift from Sif Muna
 37540 | Vaults:5 | Got Roxanne's Atlas of the Ground {god gift}
 37563 | Vaults:5 | Identified the +4 orcbow of Eplub {speed, rN+ Stlth+}
 37563 | Vaults:5 | Identified the amulet of Starshine {Acrobat Will- Regen+
                  | Dex+3}
 37570 | Vaults:5 | Reached skill level 1 in Shapeshifting
 37573 | Vaults:5 | Found the +8 arc blade {discharge, rElec}
 37574 | Vaults:5 | Got Sif Muna's Almanac of Calling and Anthracomancy {god
                  | gift}
 37810 | Vaults:5 | Identified the +7 giant club "Lole" {venom, Dex+4 SInv}
 37813 | Vaults:5 | Got Ohufeob's Annotations on Gathered Translocation
 37918 | Vaults:5 | Found Xosseg's Armour Boutique.
 37921 | Vaults:5 | Identified the +0 robe "Cuisatidgh" {rPois Will- Dex+5
                  | SInv}
 38058 | Vaults:5 | Identified the +4 chain mail of Dogma {Regen+}
 38087 | Vaults:5 | Got a silver rune of Zot
 38241 | Vaults:5 | Identified the +0 plate armour of the Wumpus {+Blink rC-
                  | Str+4 Stlth+}
 38304 | Vaults:5 | Identified the +2 whip "Guwnumnu" {flame, rElec rC+}
 38672 | Vaults:4 | Bought the +1 robe of Vines {NoPotionHeal Regen++++} for
                  | 2880 gold pieces
 38672 | Vaults:4 | Found the +1 robe of Vines {NoPotionHeal Regen++++}
 38855 | D:11     | Killed dakkaduck's ghost
 39157 | D:14     | Killed Uqorphet's ghost
 39234 | Depths:1 | Entered Level 1 of the Depths
 39264 | Depths:1 | Reached XP level 23. HP: 128/128 MP: 17/49
 39411 | Depths:1 | Reached skill level 5 in Shapeshifting
 39457 | Depths:1 | Found a gateway to Hell.
 39600 | Depths:1 | Received a gift from Sif Muna
 39601 | Depths:1 | Got Biotarao's Almanac of Bad Luck and Impulse {god gift}
 39754 | Depths:1 | Found a hazy altar of Hepliaklqana.
 40056 | Depths:1 | Found a one-way gate leading to the halls of Pandemonium.
 40541 | Depths:2 | Identified the +0 plate armour "Gisud" {rElec Slay+5}
 40649 | Depths:2 | Found a one-way gateway to a ziggurat.
 40680 | Depths:2 | Reached skill level 21 in Spellcasting
 40698 | Depths:2 | Received a gift from Sif Muna
 40701 | Depths:2 | Got Boevufor's Tome of the Sinister Mesa {god gift}
 40866 | Depths:2 | Identified the +5 morningstar of Terrible Cruel Justice
                  | {protect, Will+ Str+3 Dex+3 Stlth+}
 41087 | Depths:2 | Noticed a caustic shrike
 41094 | Depths:2 | Killed a caustic shrike
 41287 | Depths:3 | Reached skill level 5 in Stealth
 41292 | Depths:3 | Noticed a juggernaut
 41299 | Depths:3 | Killed a juggernaut
 41387 | Depths:3 | Noticed a caustic shrike
 41392 | Depths:3 | Killed a caustic shrike
 41393 | Depths:3 | Reached skill level 10 in Fighting
 41462 | Depths:3 | Reached skill level 10 in Shapeshifting
 41523 | Depths:3 | Identified the +9 war axe of the Lurker {freeze, ^Drain
                  | rPois rC+ Str+2}
 41659 | Depths:3 | Reached skill level 22 in Spellcasting
 41659 | Depths:3 | Reached XP level 24. HP: 129/137 MP: 14/51
 41888 | Depths:3 | Identified the +5 demon blade of Hell's Wrath {vamp, rF+
                  | rC+ Dex+2 Stlth-}
 41960 | Depths:3 | Found a one-way gate to the infinite horrors of the Abyss.
 42187 | Depths:4 | Entered Level 4 of the Depths
 42343 | Depths:4 | Received a gift from Sif Muna
 42721 | Depths:4 | Found a gate to the Realm of Zot.
 43061 | Depths:4 | Identified the +9 rapier of Jirrui {holy, Int+2}
 43778 | D:14     | You paid a toll of 2 scrolls of acquirement to enter a
                  | treasure trove
 43779 | Trove    | Entered a treasure trove
 43781 | Trove    | Found the dreamshard necklace {Acrobat *Dream}
 43787 | Trove    | Identified the amulet "Recul" {Acrobat rC++ Str+3}
 43789 | Trove    | Identified the ring of Zot Cyecs {Fly rElec Str-3 Dex+7}
 43799 | Trove    | Identified the amulet "Jojaq" {Acrobat rPois Int+3 Slay+3}
 43801 | Trove    | Identified the amulet "Podotui" {Spirit ^Contam Str+3}
 43807 | Trove    | Identified the ring "Seolof" {rN+ rCorr Dex+3}
 43809 | Trove    | Identified the ring "Qonas" {Fly rElec rPois rC- Stlth+}
 43812 | Trove    | Identified the ring of Govan {Fly SInv}
 43814 | Trove    | Identified the amulet of Ataiproh {RegenMP Str+2 Dex+3
                  | Stlth+}
 43819 | Trove    | Identified the ring "Lublasi" {rN+ Int+3 Dex+6}
 43821 | Trove    | Identified the ring "Akhlo" {Fly Int+2}
 44067 | Slime:1  | Entered Level 1 of the Pits of Slime
 44153 | Slime:1  | Gained mutation: Armour fits poorly on your strangely
                  | shaped body. [a shining eye]
 44402 | Slime:2  | Received a gift from Sif Muna
 44833 | Slime:3  | Reached skill level 15 in Invocations
 45047 | Slime:5  | Entered Level 5 of the Pits of Slime
 45049 | Slime:5  | Received a gift from Sif Muna
 45125 | Slime:5  | Reached XP level 25. HP: 146/146 MP: 36/51
 45202 | Slime:5  | Noticed the Royal Jelly
 45270 | Slime:5  | Found the ring of Shadows {Umbra +Inv Stlth+}
 45292 | Slime:5  | Reached skill level 23 in Spellcasting
 45358 | Slime:5  | Killed the Royal Jelly
 45359 | Slime:5  | Reached skill level 10 in Air Magic
 45421 | Slime:5  | Got a slimy rune of Zot
 45423 | Slime:5  | Got the Octavo of Star-crossed Spectres
 45470 | Slime:5  | Identified the amulet "Intacsan" {rPois Regen+}
 45472 | Slime:5  | Identified the +6 rapier of Uwnoshunt {flame, rElec Will+}
 45480 | Slime:5  | Identified the staff "Qazxutoh" {Will+ Str-5 Dex+2 Earth}
 45482 | Slime:5  | Identified the +0 mace of the Special Knives {venom, Int+6}
 45487 | Slime:5  | Gained mutation: You are weak. (Str -2) [a shining eye]
 45545 | Slime:5  | Identified the ring "Idghisk" {rN+ Str+6 Int+3 SInv}
 45548 | Slime:5  | Got Sif Muna's Grimoire of Posthumous Geomancy
 46003 | Depths:1 | Lost mutation: Armour fits poorly on your strangely shaped
                  | body. [potion of mutation]
 46003 | Depths:1 | Lost mutation: You are weak. (Str -2) [potion of mutation]
 46003 | Depths:1 | Gained mutation: You passively map a small area around you.
                  | [potion of mutation]
 46004 | Depths:1 | Lost mutation: You passively map a small area around you.
                  | [potion of mutation]
 46004 | Depths:1 | Gained mutation: Your flesh is heat resistant. (rF+)
                  | [potion of mutation]
 46004 | Depths:1 | Gained mutation: Your flesh is very heat resistant. (rF++)
                  | [potion of mutation]
 46195 | Crypt:1  | Entered Level 1 of the Crypt
 46339 | Crypt:1  | Found a transporter.
 46343 | Crypt:1  | Found a transporter.
 46344 | Crypt:1  | Noticed Nyubb's ghost (veteran MiGl)
 46346 | Crypt:1  | Identified the +5 rapier of Wu Jian's Indignation {pain,
                  | rC+ Int+5 Dex+2}
 46426 | Crypt:1  | Identified the ring of the Past {rElec EV+5 Str+4}
 46426 | Crypt:1  | Noticed a royal mummy
 46431 | Crypt:1  | Received a gift from Sif Muna
 46446 | Crypt:1  | Learned a level 8 spell: Maxwell's Capacitive Coupling
 46452 | Crypt:1  | Noticed Kucw's ghost (adept GrFi)
 46457 | Crypt:1  | Noticed Boris
 46462 | Crypt:1  | Killed Boris
 46589 | Crypt:1  | Identified the +1 leather armour of Honesty {Harm rElec rF-
                  | rCorr}
 46995 | Crypt:2  | Found a magical portal.
 47000 | WizLab   | Entered Doroklohe's Tomb
 47252 | WizLab   | Noticed an ancient lich
 47256 | WizLab   | Killed an ancient lich
 47325 | WizLab   | Acquired 624 gold pieces
 47415 | Crypt:2  | Received a gift from Sif Muna
 47991 | Crypt:3  | Entered Level 3 of the Crypt
 48245 | Crypt:3  | Reached skill level 24 in Spellcasting
 48254 | Crypt:3  | Received a gift from Sif Muna
 48255 | Crypt:3  | Got Sif Muna's Essays on Weird Clouds {god gift}
 48305 | Crypt:3  | Reached skill level 1 in Necromancy
 48532 | Crypt:3  | Found a staircase to the Tomb.
 48789 | Crypt:3  | Identified the staff of Duasa {rElec rN+ Necro}
 48789 | Crypt:3  | Identified the death talisman of the New World {rC++ Str+3
                  | Int-5 SInv}
 49089 | Crypt:3  | Identified the +9 plate armour of Majestic Mirth {rElec
                  | Str+4 Int+4}
 49106 | Crypt:3  | Identified the ring "Wuagymn" {^Drain rN+ Str+2 Int+3}
 49106 | Crypt:3  | Identified the ring of the Devil's Team {rN+ Slay+4 SInv}
 49481 | Vaults:4 | Bought the +4 lajatang of the Ancient Hosts {freeze, *Rage
                  | rPois rF+++ Stlth+} for 1408 gold pieces
 49481 | Vaults:4 | Bought the +5 shortbow of Tender Mercy {freeze, ^Contam
                  | rC++ Str+3} for 834 gold pieces
 49707 | Hell     | Entered the Vestibule of Hell
 49709 | Hell     | Noticed Geryon
 49714 | Hell     | Killed Geryon
 49730 | Hell     | Reached XP level 26. HP: 156/156 MP: 13/53
 49757 | Hell     | Reached skill level 15 in Shapeshifting
 49859 | Hell     | Found a gateway to the freezing wastes of Cocytus.
 49898 | Hell     | Found a gateway to the ashen valley of Gehenna.
 49973 | Hell     | Found a gateway to the Iron City of Dis.
 50074 | Hell     | Found a gateway to the decaying netherworld of Tartarus.
 50335 | Zot:1    | Entered Level 1 of the Realm of Zot
 50884 | Zot:1    | Found a snail-covered altar of Cheibriados.
 51342 | Zot:2    | HP: 7/158 [grey draconian/+0 flail (28)]
 51342 | Zot:2    | Demolished by a grey draconian

Illustrated notes

Levels and vault maps discovered:
D:1:      tarquinn_simple_flora_water_f, layout_basic, serial_shops,
          nicolae_shop_tiny_waterfront
D:2:      layout_loops_ring, minmay_pentomino_s4
D:3:      layout_basic, nicolae_wu_jian_wuxing_cycle, minmay_stone_trees_small
D:4:      layout_cave_pods, trog_three_pillars_becter,
          mainiacjoe_overflow_brackets, nicolae_ossuary_entry_giza,
          serial_shops, shop, uniq_menkaure, uniq_grinder, uniq_blork_the_orc
D:5:      layout_basic
D:6:      layout_basic, cheibriados_altar_1
D:7:      layout_loops_ring, minmay_temple_entry_overgrown, serial_shops,
          nicolae_square_shop, kennysheep_pointless_box, roderic_lattice_a
D:8:      layout_rooms, hellmonk_lair_entry_icy, serial_glass, glass_columns_a,
          glass_columns_a, minmay_strange_pillars, item_on_display_a,
          feat_on_display, feat_on_display, enter_bailey_5
D:9:      layout_rooms, nicolae_ru_awakened_eye, nicolae_dithmenos_the_darkroom,
          minivault_23, grunt_potential
D:10:     layout_loops_ring, serial_shops, nicolae_shop_trees,
          grunt_ministairs_10, uniq_gastronok
D:11:     layout_loops_ring, gammafunk_ghost_ooze, evilmike_minifort
D:12:     layout_roguey, uniq_jorgrun, uniq_lodul, uniq_urug
D:13:     layout_basic, hellmonk_vaults_order_and_chaos,
          hellmonk_sif_muna_bookshelves
D:14:     cheibrodos_breeding_chamber, layout_layer_cave, gammafunk_ghost_arena,
          enter_trove_1
D:15:     hangedman_depths_entry_civil_slaughter, layout_basic,
          minmay_misc_feat_pillars, special_room [special_room_mythical_zoo],
          uniq_azrael
Temple:   nicolae_temple_bog_church
Lair:1:   layout_cave_pods, lemuel_oklob_altar, serial_bayou_shore_a,
          infiniplex_staircase_pool, uniq_fannar
Lair:2:   layout_small_grid, hellmonk_spider_entry_life_and_decay,
          lemuel_fruit_tree, uniq_nergalle
Lair:3:   layout_regular_city, minmay_shoals_entry_hut,
          grunt_forest_small_clearings, hellmonk_talismancer
Lair:4:   layout_cave_pods, slime_entry_1, basic_altar,
          nicolae_volcano_entry_s_turn, kennysheep_rathole
Lair:5:   cheibrodos_lair_end_hotspot, layout_cave_shapes, uniq_rupert
Shoals:1: nicolae_shoals_deep_elves_summer_vacation, layout_shoals,
          nicolae_shoals_spectral_cove, uniq_roxanne
Shoals:2: layout_shoals, uniq_polyphemus, uniq_nikola, uniq_louise, uniq_ilsuiw
Shoals:3: layout_shoals, nicolae_take_the_stairs
Shoals:4: shoals_end_hellmonk_lost_city
Spider:1: layout_chambers
Spider:2: nicolae_spider_hilbert_zone_1 [nicolae_spider_hilbert_4_sides_1_open,
          nicolae_spider_hilbert_4_sides_1_open,
          nicolae_spider_hilbert_4_sides_1_open,
          nicolae_spider_hilbert_4_sides_1_open,
          nicolae_spider_hilbert_3_sides_1_open,
          nicolae_spider_hilbert_3_sides_1_open,
          nicolae_spider_hilbert_3_sides_1_open,
          nicolae_spider_hilbert_3_sides_1_open,
          nicolae_spider_hilbert_3_sides_1_open,
          nicolae_spider_hilbert_6_sides_1_open,
          nicolae_spider_hilbert_6_sides_1_open,
          nicolae_spider_hilbert_3_sides_1_open,
          nicolae_spider_hilbert_3_sides_1_open,
          nicolae_spider_hilbert_3_sides_1_open,
          nicolae_spider_hilbert_3_sides_1_open,
          nicolae_spider_hilbert_2_sides_1_open]
Spider:3: layout_spider_delve, nicolae_spider_nooks_and_crannies
Spider:4: hellmonk_spider_rune_bug_friends
Slime:1:  layout_caves, special_room [special_room_jelly]
Slime:2:  layout_caves
Slime:3:  layout_caves
Slime:4:  layout_caves, cheibrodos_slime_lost_civilization_7
Slime:5:  slime_pit_nicolae_inversion
Orc:1:    layout_caves, basic_altar, nicolae_orc_hostile_takeover, uniq_erolcha
Orc:2:    st_orc_elflike, layout_caves, gauntlet_entry_generic
Elf:1:    eino_elf_arrival_sip, layout_gridlike, serial_glass, glass_columns_b,
          glass_columns_c, glass_columns_b, glass_columns_c,
          hangedman_elf_disciples, minmay_elf_annihilation
Elf:2:    elven_hall_of_blades_hangedman_alternative [nicolae_blade_bullseye],
          layout_gridlike, serial_shops, nicolae_shop_behind_doors, uniq_aizul,
          uniq_zenata
Elf:3:    elf_hall_gauntlet_wide, layout_geoelf_grid
Vaults:1: v_alt_pattern_5, nicolae_vaults_big_ls, hangedman_vaults_corner,
          vaults_room_door_hall, vaults_room_semicircle,
          nicolae_vaults_tetromino_L_1, nicolae_vaults_house_1,
          vaults_room_octagon, vaults_dpeg_doors, hangedman_vaults_slice,
          vaults_room_pools, v_misc_29, nicolae_vaults_house_2,
          layout_vaults_ring, serial_shops, shop, serial_glass
Vaults:2: hangedman_vaults_corner_blocks, v_alt_pattern_2,
          dpeg_vaults_monster_box, vaults_room_pool, nicolae_vaults_swerve,
          nicolae_vaults_double_plus_2, minmay_crypt_entry_nasty_monster,
          grunt_vaults_focal, ontoclasm_vaults_chip, vaults_room_pools,
          v_misc_26, nicolae_vaults_frosty_reception, vaults_room_ringed_pool,
          nicolae_vaults_network_quinsquares
          [nicolae_vaults_network_quincunx_subvault,
          nicolae_vaults_network_quincunx_subvault,
          nicolae_vaults_network_quincunx_subvault,
          nicolae_vaults_network_quincunx_subvault],
          nicolae_vaults_double_plus_2, ontoclasm_vaults_ring_small,
          nicolae_vaults_storing_the_good_stuff, vaults_room_semicircle,
          layout_vaults_omnibox, uniq_mennas, uniq_sojobo
Vaults:3: nicolae_vaults_layer_cake_slice, nicolae_vaults_closet_pinwheel_5,
          v_misc_28, nicolae_vaults_hallways_thing, hangedman_vaults_nails,
          nicolae_vaults_little_squares_2, nicolae_vaults_ninety_degrees,
          door_vault, vaults_room_door_ring, v_misc_29, layout_vaults_maze
Vaults:4: ontoclasm_vaults_eye, nicolae_vaults_big_angled_halls,
          vaults_room_large_hall, nicolae_vaults_storage_closets_2,
          vaults_room_hallway, nicolae_vaults_house_2,
          nicolae_vaults_trapezoid_lopsided_3, serial_ice_m,
          layout_vaults_omnigrid, serial_shops, nicolae_shop_crystal,
          nicolae_shop_just_a_little_nook, shop, nicolae_shop_rolled_up,
          nicolae_shop_tiny_glass, uniq_donald
Vaults:5: serial_shops
Crypt:1:  layout_catacombs, nzn_ghost_randoct, grunt_crypt_arrival_webbed,
          uniq_boris
Crypt:2:  layout_gridlike, mu_enter_wizlab_2, minivault_25
Crypt:3:  due_elkab, layout_chaotic_city
Depths:1: layout_basic, kennysheep_nondescript, grunt_hell_entry_dis_mu,
          rand_demon_pan_entry_9, minivault_16, eino_curves_01,
          kennysheep_flooded_box, nicolae_hepliaklqana_hippocampus
Depths:2: evilmike_horseshoe, layout_gridlike, enter_ziggurat_b, pan_entry,
          hell_entry, minmay_misc_feat_secret_circle, wad_dig_loot
Depths:3: minmay_two_paths, layout_gridlike, abyss_entry, hellmouth_2,
          pan_entry, serial_bayou_pond_e, kb_rosetta
Depths:4: grunt_x_marks_the_spot, layout_basic, hangedman_coc_ice_floe,
          serial_co_window_serial, co_window_of_opportunity_a,
          co_window_paths_a, co_window_paths_a, co_window_corner_a,
          co_window_paths_a, co_window_of_opportunity_b, co_window_cross_4,
          co_window_broadway_c, co_window_corner_ca, glass_columns_a,
          dk_noncrumbling_3, nicolae_lava_and_water
Hell
Zot:1:    layout_cathedral_of_symmetry, regret_index_zotdec_serpentine_scales
Zot:2:    ebering_greatest_show_in_zot, layout_basic, hellmonk_formless_pools

Skill      XL: |  1  2  3  4  5  6  7  8  9 10 11 12 13 14 15 16 17 18 19 20 21 22 23 24 25 26 |
---------------+-------------------------------------------------------------------------------+-----
Conjurations   | 5 6 8 10 11 15 18 19 20 21 | 21.0
Spellcasting   | 4 5 6 7 8 11 13 15 16 18 20 22 24 | 24.0
Alchemy        | 1 3 |  3.5
Ice Magic      | 1 3 4 5 6 |  6.0
Air Magic      | 1 2 4 6 9 12 | 12.1
Translocations | 2 |  2.0
Stealth        | 3 4 5 |  5.0
Dodging        | 5 8 11 12 14 15 16 17 | 17.1
Invocations    | 4 6 7 8 9 10 12 14 15 16 | 16.0
Fighting       | 2 4 5 7 8 10 11 13 14 | 14.0
Fire Magic     | 4 6 8 10 15 19 20 | 20.0
Earth Magic    | 9 12 | 12.0
Summonings     | 9 16 20 | 20.0
Shapeshifting  | 4 11 13 14 16 | 16.6
Necromancy     | 3 |  3.9

Action                     |  1- 3 |  4- 6 |  7- 9 | 10-12 | 13-15 | 16-18 | 19-21 | 22-24 | 25-27 || total
---------------------------+-------+-------+-------+-------+-------+-------+-------+-------+-------++-------
  Melee: Dagger            |     1 |       |    23 |   181 |     4 |       |       |       |       ||   209
         Mace              |       |    14 |       |       |       |       |       |       |       ||    14
         Punch             |       |     1 |       |     4 |       |       |       |       |       ||     5
         Short sword       |       |       |       |       |    10 |       |       |       |       ||    10
   Fire: Shortbow          |       |       |       |       |       |       |       |       |     7 ||     7
   Cast: Magic Dart        |    62 |    29 |    37 |    50 |   243 |   353 |   170 |   156 |   109 ||  1209
         Searing Ray       |     3 |    25 |    25 |    18 |     4 |       |       |       |       ||    75
         Fulminant Prism   |       |       |    43 |    23 |    12 |       |       |       |       ||    78
         Freezing Cloud    |       |       |     4 |    76 |   168 |   102 |    61 |    27 |    14 ||   452
         Iskenderun's Myst |       |       |       |    31 |   134 |   174 |    77 |    48 |    39 ||   503
         Iskenderun's Batt |       |       |       |       |    53 |   116 |    99 |    65 |    44 ||   377
         Swiftness         |       |       |       |       |     2 |       |     4 |     3 |       ||     9
         Orb of Destructio |       |       |       |       |    23 |    89 |    34 |    37 |    53 ||   236
         Fireball          |       |       |       |       |     9 |    89 |    75 |    15 |    16 ||   204
         Lehudib's Crystal |       |       |       |       |       |       |    68 |    59 |    39 ||   166
         Fire Storm        |       |       |       |       |       |       |    75 |   215 |   139 ||   429
         Blink             |       |       |       |       |       |       |       |       |     2 ||     2
         Dragon's Call     |       |       |       |       |       |       |       |       |     3 ||     3
 Invoke: Channel Magic     |       |       |       |     7 |    32 |    63 |    40 |    54 |    39 ||   235
    Use: Potion            |       |     2 |     1 |       |     1 |     2 |     2 |     3 |     6 ||    17
         Scroll            |       |       |    10 |     7 |    11 |     5 |     6 |     1 |     1 ||    41
   Stab: Sleeping          |       |     2 |     1 |     2 |     2 |       |       |       |       ||     7
 Armour: Robe              |     5 |    26 |    65 |   213 |   153 |   150 |    93 |    73 |    68 ||   846
  Dodge: Dodged            |     3 |    19 |    83 |   235 |   208 |   392 |   175 |   115 |   101 ||  1331
         Repelled          |       |       |       |       |     5 |     9 |     6 |     6 |     2 ||    28
